cohdb
Replays
Latest Replays
All Replays
Popular Replays
Top Player Replays
Match Explorer
How It Works
Community
CoH3 Stats
Reddit
Sign in to upload your games and track your stats! →
Sign in with Steam
Match 44366940
Unlisted
Match 44366940
Overview
Messages
Build Orders
End
Construct Infanterie Kompanie
MG 42 Machine Gun Team
Kettenkrad Recon Vehicle
MG 42 Machine Gun Team
GrW 34 Mortar Team
Construct Luftwaffe Kompanie
Selects Mechanized Battlegroup
Jäger Squad
221 Scout Car
Selects Raid Package
Medical Station
Construct Panzergrenadier Kompanie
Pak 40 Anti-tank Gun Team
221 Scout Car
Jäger Squad
Selects Mobile Repair Stations
Construct Panzer Kompanie
Selects Wespe Self-propelled Artillery
Wespe Self-propelled Artillery
Stoßtruppen Squad
Stoßtruppen Squad
Pioneer Squad
seven dials
Punished Beans
matjouz
Sarmynation
0
0
Comments
sign in to comment!
No comments posted yet!